 Dungeon Crawl Stone Soup version 0.19.4-9-g45fd643 (webtiles) character file.

399 danebombitumenja the Skirmisher (level 6, -2/57 HPs)
             Began as a Centaur Fighter on Feb 18, 2017.
             Was an Initiate of Okawaru.
             Slain by Grinder (7 damage)
             ... on level 3 of the Dungeon.
             The game lasted 00:07:30 (3722 turns).

danebombitumenja the Skirmisher (Centaur Fighter)   Turns: 3722, Time: 00:07:31

Health: -2/57      AC:  8    Str: 21    XL:     6   Next: 54%
Magic:  7/7        EV:  5    Int:  7    God:    Okawaru [......]
Gold:   182        SH:  8    Dex:  8    Spells: 0 memorised, 5 levels left

rFire  . . .     SeeInvis .       - Unarmed
rCold  . . .     Gourm    .     a - +0 scale mail
rNeg   . . .     Faith    .     b - +0 shield
rPois  .         Spirit   .     (no helmet)
rElec  .         Reflect  .     m - +0 cloak
rCorr  .         Harm     .     s - +0 pair of gloves
MR     .....                    (no barding)
Stlth  ..........               (no amulet)
                                (no ring)
                                (no ring)

@: very quick
A: hooves 3, deformed body, speed 2, tough skin 3
a: Renounce Religion


You were on level 3 of the Dungeon.
You worshipped Okawaru.
Okawaru was noncommittal.
You were not hungry.

You visited 1 branch of the dungeon, and saw 4 of its levels.

You collected 182 gold pieces.

Inventory:

Missiles
 i - 25 bolts
 n - 2 needles of paralysis
 r - 27 arrows
 t - 30 poisoned needles
Armour
 a - a +0 scale mail (worn)
 b - a +0 shield (worn)
 m - a +0 cloak (worn)
 s - a +0 pair of gloves (worn)
Scrolls
 g - a scroll of random uselessness {unknown}
 j - 3 scrolls of remove curse {unknown}
 k - 4 scrolls of identify {unknown}
 l - a scroll of noise {unknown}
 o - 3 scrolls of teleportation {unknown}
 p - 2 scrolls of enchant weapon {unknown}
 q - a scroll of blinking {unknown}
 u - 2 scrolls of immolation {unknown}
 v - a scroll of fear {unknown}
Potions
 c - 2 potions of might
 e - a potion of flight {unknown}
 w - 2 potions of haste {unknown}
Comestibles
 d - 5 bread rations


   Skills:
 * Level 6.0 Fighting
 - Level 2.7 Armour
 - Level 2.1 Shields
 + Level 3.6 Unarmed Combat
 + Level 2.1 Invocations


You had 5 spell levels left.
You didn't know any spells.

Dungeon Overview and Level Annotations

Branches:
Dungeon (4/15)
 Temple: D:4-7

Altars:
Kikubaaqudgha
Okawaru

Annotations:
D:3 Grinder
D:4 danebombitumenja's ghost, amateur CeHu


Innate Abilities, Weirdness & Mutations

You have hooves in place of feet.
Armour fits poorly on your strangely shaped body.
You cover ground very quickly.
You have extremely tough skin. (AC +3)


Message History

Unknown command.
Unknown command.
Unknown command.
Unknown command.
Unknown command.
Unknown command.
Unknown command.
Unknown command.
Unknown command.
Grinder gestures at you.
You shrug off the repeated paralysis!
You climb upwards.
There is a stone staircase leading down here.
You hit Grinder but do no damage. You kick Grinder, but do no damage.
Grinder is moderately wounded.
You block Grinder's attack.
You hit Grinder. Your kick misses Grinder.
Grinder is heavily wounded.
Grinder hits you!
You die...

▒·▒▒·▒·▒·▒
▒▒▒▒▒·▒▒·····▒
······▒▒▒▒·▒▒▒▒▒▒▒▒
······▒ ▒·▒······▒
······▒▒▒▒·▒·▒▒▒▒·▒
·····▒▒▒·▒·▒····▒·▒
·····▒ ▒<▒·▒······▒
·····▒▒▒·▒·▒··▒▒▒▒▒
···············5@▒
·····▒▒▒·▒·▒··▒▒▒▒▒▒
·▒▒▒·▒▒▒·▒·▒··▒····▒
··▒▒···▒·····▒▒····▒
···▒···▒·····▒▒····▒
)······▒·····▒▒····▒
··÷····▒·▒'▒·▒▒····▒
·······▒·▒·▒·▒▒····▒
···▒···▒·▒·▒·▒▒····▒


You could see Grinder.

Vanquished Creatures
  Eustachio (D:4)
  A scorpion (D:4)
  An orc wizard (D:3)
  An iguana (D:4)
  Terence (D:3)
  4 adders
  2 oozes
  3 worms (D:2)
  A dart slug (D:3)
  A leopard gecko (D:3)
  5 orcs
  12 giant cockroaches
  3 goblins
  8 hobgoblins
  2 quokkas (D:2)
  A ball python skeleton (D:4)
  7 bats
  3 frilled lizards (D:2)
  4 kobolds
  7 rats
68 creatures vanquished.

Notes
Turn   | Place    | Note
-------+----------+-------------------------------------------
     0 | D:1      | danebombitumenja the Centaur Fighter began the quest for the Orb.
     0 | D:1      | Reached XP level 1. HP: 19/19 MP: 1/1
   144 | D:1      | Reached XP level 2. HP: 25/26 MP: 2/2
   845 | D:2      | Reached XP level 3. HP: 25/33 MP: 3/3
  1045 | D:2      | Reached skill level 4 in Fighting
  1447 | D:2      | Reached XP level 4. HP: 32/40 MP: 4/4
  2165 | D:3      | Found an iron altar of Okawaru.
  2181 | D:3      | Became a worshipper of Warmaster Okawaru
  2265 | D:3      | Noticed Terence
  2278 | D:3      | Killed Terence
  2278 | D:3      | Reached XP level 5. HP: 40/47 MP: 5/5
  2360 | D:3      | Reached skill level 5 in Fighting
  2583 | D:3      | Found an ancient bone altar of Kikubaaqudgha.
  2746 | D:4      | Noticed Eustachio
  3127 | D:4      | Killed Eustachio
  3127 | D:4      | Reached skill level 1 in Invocations
  3127 | D:4      | Reached XP level 6. HP: 54/57 MP: 5/7
  3286 | D:4      | Reached skill level 6 in Fighting
  3308 | D:4      | Noticed danebombitumenja's ghost (amateur CeHu)
  3533 | D:4      | Noticed Grinder
  3549 | D:4      | Paralysed by Grinder for 6 turns
  3713 | D:4      | Paralysed by Grinder for 5 turns
  3722 | D:3      | Slain by Grinder

Skill      XL: |  1  2  3  4  5  6 |
---------------+-------------------+-----
Fighting       | 4 5 6 |  6.0
Unarmed Combat | 3 |  3.6
Invocations    | 1 2 |  2.1
Armour         | |  2.7
Shields        | |  2.1

Action                   |  1- 3 |  4- 6 || total
-------------------------+-------+-------++-------
Melee: Unarmed           |   157 |   240 ||   397
       Kick              |    30 |    60 ||    90
  Eat: Chunk             |     1 |     4 ||     5
       Meat ration       |       |     1 ||     1
       Beef jerky        |       |     1 ||     1
Armor: Scale mail        |    81 |    92 ||   173
Dodge: Dodged            |    21 |    54 ||    75
Block: Shield            |    61 |    96 ||   157
